AoeStats
← Vykostovac

Arena

508881316Analyzed
2v2 RM · 7d ago on Sep 24, 2026· 73m 29s· 4 players
Game mode
Random Map
Map size
Medium (4 player)
Population
200
Speed
Normal
Resources
Standard
Victory
Conquest
Starting age
Dark Age
Ending age
Imperial Age
RankedLock teamsTeams togetherTeam positionsShared explorationLock speedFull tech treeHidden civsTurbo modeCheats
Victory
Defeat
🇧🇷 Burgundians · Brazil
946
+13
🇲🇿 Celts · Mozambique
915
+14
🇨🇿 Turks · Czechia
879
-14
🇨🇿 Malians · Czechia
871
-13
BR Machado
8:52 Double-Bit Axe
14:12 Feudal Age
13:08 Horse Collar
16:06 Bow Saw
15:57 Stone Mining
16:01 Gold Mining
19:18 Castle Age
21:35 Stone Shaft Mining
21:18 Loom
22:41 Two-Man Saw
23:07 Fletching
25:18 Scale Barding Armor
25:14 Scale Mail Armor
51:46 Husbandry
56:13 Imperial Age
53:24 Cavalier
55:58 Wheelbarrow
55:39 Forging
55:44 Chain Mail Armor
55:50 Chain Barding Armor
55:28 Treadmill Crane
56:09 Ballistics
60:57 Hand Cart
61:16 Plate Mail Armor
61:22 Plate Barding Armor
61:23 Iron Casting
61:12 Paladin
61:41 Town Watch
61:56 Bodkin Arrow
63:04 Chemistry
62:16 Fortified Wall
62:03 Murder Holes
68:49 Blast Furnace
67:50 Bracer
67:51 Padded Archer Armor
70:11 Squires
69:58 Arson
70:34 Town Patrol
71:01 Burgundian Vineyards
70:18 Elite Coustillier
Black_Bird
11:20 Feudal Age
12:51 Wheelbarrow
15:43 Castle Age
14:16 Stone Mining
14:21 Horse Collar
15:08 Gold Mining
15:08 Double-Bit Axe
17:20 Bow Saw
24:21 Heavy Plow
27:06 Scale Mail Armor
27:54 Forging
32:36 Imperial Age
33:00 Elite Woad Raider
34:20 Capped Ram
35:49 Chain Mail Armor
36:10 Iron Casting
40:36 Siege Ram
44:25 Furor Celtica
44:30 Stronghold
46:11 Blast Furnace
52:30 Conscription
54:54 Caravan
59:20 Gold Shaft Mining
59:20 Stone Shaft Mining
59:22 Scale Barding Armor
59:48 Plate Mail Armor
59:18 Padded Archer Armor
59:09 Fletching
60:25 Chemistry
59:10 Arrowslits
59:45 Ballistics
62:34 Heated Shot
62:55 Fortified Wall
62:56 Masonry
62:51 Siege Engineers
62:42 Murder Holes
Teoldis
11:20 Feudal Age
12:15 Loom
16:24 Castle Age
14:23 Stone Mining
14:31 Fletching
15:23 Double-Bit Axe
16:47 Horse Collar
24:35 Forging
29:02 Scale Mail Armor
30:20 Chain Mail Armor
32:08 Squires
31:53 Arson
35:31 Heavy Plow
36:08 Iron Casting
37:09 Bodkin Arrow
38:09 Wheelbarrow
41:51 Imperial Age
39:59 Bloodlines
41:16 Light Cavalry
43:10 Husbandry
43:41 Conscription
42:50 Cavalier
43:34 Gold Mining
45:10 Hand Cart
44:43 Town Watch
45:30 Plate Mail Armor
49:03 Scale Barding Armor
49:02 Farimba
51:13 Chemistry
58:09 Bow Saw
59:04 Heavy Camel Rider
66:36 Gold Shaft Mining
69:38 Town Patrol
Vykostovac
7:46 Loom
11:53 Feudal Age
13:02 Double-Bit Axe
14:17 Horse Collar
19:16 Castle Age
17:26 Gold Mining
21:04 Bow Saw
20:57 Heavy Plow
24:06 Scale Barding Armor
24:12 Forging
24:18 Bloodlines
24:09 Husbandry
25:33 Gold Shaft Mining
26:13 Iron Casting
25:59 Chain Barding Armor
26:56 Padded Archer Armor
41:09 Leather Archer Armor
45:33 Imperial Age
46:30 Elite Janissary
47:31 Conscription
48:17 Ring Archer Armor
Connection lost

Rejoining the realm…

Still unreachable

The connection could not be restored.

Session expired

The server has moved on; the page needs a fresh start.